Map: Eternal Empire LE

Players

soul - Winner!

  • Race: Terran Terran
  • League: Grandmaster
  • Spawn Location: 1:00

Geralt (Gerald)

  • Race: Protoss Protoss
  • League: Grandmaster
  • Spawn Location: 7:00

Event: DreamHack SC2 Masters 2020 Fall

VOD

Have the link to the VOD?

Description

Time

  • Played on: Aug. 26, 2020, 2:21 p.m.
  • Length: 21:33

All games in this series

Show
View Real Time Build Order
Export as new Build Order

soul Terran - Winner!

Build Orders:  

Get SALT Encoding   

  12  0:00  SCV  
  13  0:12  SCV  
  14  0:17  Supply Depot  
  14  0:24  SCV  
  15  0:38  SCV  
  15  0:39  Barracks  
  16  0:44  Refinery  
  16  0:50  SCV  
  17  1:03  SCV  
  18  1:15  SCV  
  19  1:26  Marine  
  19  1:28  Orbital Command  
  20  1:43  Command Center  
  20  1:45  Reaper  
  21  1:53  Supply Depot  
  21  1:55  SCV  
  22  2:07  Factory  
  22  2:09  SCV  
  22  2:14  Refinery  
  23  2:16  Marine  
  23  2:22  SCV  
  25  2:24  Bunker  
  25  2:34  SCV  
  25  2:36  Barracks Reactor  
  26  2:46  SCV  
  27  2:53  Starport, Widow Mine  
  27  2:55  Orbital Command  
  30  2:58  SCV  
  30  3:10  SCV  
  30  3:13  Marine x2  
  30  3:15  Factory Tech Lab  
  32  3:22  SCV x2  
  34  3:31  Viking, Marine x2  
  39  3:34  SCV  
  39  3:35  Cyclone  
  39  3:38  SCV  
  43  3:43  Supply Depot  
  43  3:47  SCV  
  43  3:48  Supply Depot  
  43  3:49  Marine  
  43  3:50  SCV  
  45  4:00  Armory  
  44  4:04  SCV  
  44  4:06  SCV  
  46  4:13  Marine  
  46  4:16  SCV  
  47  4:17  Marine  
  47  4:18  SCV  
  47  4:22  Widow Mine  
  51  4:25  Medivac  
  51  4:28  SCV  
  51  4:30  SCV, Marine  
  56  4:33  Supply Depot  
  56  4:40  SCV  
  56  4:42  SCV  
  58  4:49  Drilling Claws, Command Center  
  58  4:50  Widow Mine  
  61  4:52  SCV  
  61  4:55  SCV, Medivac  
  64  5:04  Marine  
  64  5:07  SCV  
  64  5:09  SCV  
  64  5:10  Marine  
  62  5:15  Widow Mine  
  64  5:22  Marine, Barracks  
  64  5:23  Barracks  
  64  5:24  SCV  
  64  5:26  Refinery x2  
  64  5:27  Marine  
  63  5:28  SCV  
  63  5:36  SCV, Engineering Bay  
  64  5:43  SCV  
  64  5:46  Engineering Bay  
  64  5:48  Medivac, Barracks  
  64  5:49  Barracks  
  67  5:52  SCV  
  67  5:53  Marine  
  67  5:56  SCV  
  70  6:00  Marine  
  70  6:04  SCV  
  70  6:07  Orbital Command  
  70  6:08  Terran Infantry Weapons Level 1  
  70  6:09  Missile Turret  
  70  6:14  SCV  
  70  6:15  Barracks Tech Lab  
  70  6:17  Barracks Tech Lab  
  70  6:18  Siege Tank  
  74  6:21  SCV  
  74  6:23  Missile Turret  
  74  6:25  Marine x2  
  76  6:26  SCV  
  78  6:33  SCV  
  78  6:36  Combat Shield, Orbital Command, Terran Infantry Armor Level 1  
  78  6:37  Stimpack  
  73  6:42  SCV  
  73  6:43  Marine x2  
  73  6:44  Barracks Reactor, Barracks Tech Lab  
  73  6:45  SCV, Bunker  
  73  6:46  Starport Reactor  
  73  6:47  Marine  
  76  6:55  SCV  
  76  6:57  Supply Depot  
  76  6:58  Supply Depot, Marauder  
  76  7:00  SCV  
  76  7:01  Marine  
  81  7:02  SCV  
  81  7:04  Concussive Shells  
  81  7:06  Marauder  
  81  7:07  SCV, Factory Reactor  
  85  7:09  Supply Depot  
  85  7:11  Supply Depot  
  85  7:17  Refinery x2  
  85  7:18  SCV x2, Marine x2  
  85  7:19  SCV  
  85  7:21  Supply Depot  
  90  7:26  Supply Depot  
  90  7:27  Medivac  
  90  7:29  Medivac  
  94  7:30  SCV x2  
  94  7:31  SCV  
  94  7:35  Supply Depot  
  97  7:40  Missile Turret  
  97  7:42  SCV, Marauder, Marine  
  97  7:43  Marine  
  97  7:44  Marine  
  97  7:45  Marine  
  97  7:48  Marine  
  97  7:49  Marauder  
  97  7:50  Widow Mine x2  
  106  8:00  Terran Ship Weapons Level 1, Starport, Marine  
  106  8:01  Marine  
  106  8:04  Viking, Marauder  
  106  8:05  Viking  
  112  8:07  SCV  
  112  8:09  Marauder, Marine  
  112  8:11  Marauder  
  118  8:19  Marine  
  119  8:25  Marauder  
  119  8:27  Terran Infantry Weapons Level 2  
  121  8:28  Command Center  
  121  8:31  Marauder  
  121  8:32  Marauder  
  128  8:38  Viking x2  
  127  8:43  Marine  
  127  8:47  Factory Reactor, Marauder  
  130  8:49  Viking, Ghost Academy  
  130  8:51  Viking, Supply Depot, Marine  
  130  8:52  Marauder  
  130  8:54  Marauder  
  139  8:57  Marine x2  
  141  9:03  Marine  
  141  9:08  Supply Depot  
  141  9:09  Marine  
  141  9:12  Viking, Marauder  
  141  9:13  Viking  
  141  9:14  Supply Depot  
  143  9:21  Marine  
  147  9:27  Terran Infantry Armor Level 2  
  145  9:39  Ghost  
  145  9:40  Marine x2  
  145  9:41  Marine  
  140  9:48  Liberator  
  140  9:49  Medivac x3  
  136  9:56  SCV x2  
  136  9:57  Marauder x2, Marine  
  141  10:01  Barracks  
  141  10:02  Fusion Core, Barracks  
  141  10:03  SCV, Marine x2  
  141  10:04  Marine  
  141  10:05  Barracks  
  145  10:08  SCV x2  
  145  10:09  Marauder  
  149  10:18  Marauder  
  149  10:20  Enhanced Shockwaves  
  151  10:23  Marine  
  151  10:24  Marauder  
  154  10:28  Planetary Fortress  
  154  10:31  Unknown, Marine  
  154  10:32  Marauder  
  154  10:39  Liberator  
  154  10:40  Marauder, Marine  
  157  10:45  Marauder  
  157  10:48  Marine  
  159  10:50  Barracks Tech Lab x2  
  159  10:51  Marine  
  159  10:52  Marine  
  159  10:53  Marauder  
  161  10:58  Liberator  
  161  11:01  Marauder  
  163  11:04  SCV  
  163  11:05  Fusion Core  
  162  11:15  SCV x3  
  162  11:16  SCV  
  162  11:17  Missile Turret  
  162  11:20  Marauder  
  167  11:26  Liberator x2  
  167  11:27  SCV x2  
  167  11:28  SCV  
  167  11:29  SCV  
  170  11:39  SCV, Marine, Liberator  
  177  11:40  Marauder  
  177  11:41  SCV  
  177  11:45  SCV, Unknown  
  180  11:47  SCV  
  180  11:51  Liberator  
  180  11:59  Advanced Ballistics  
  180  12:01  Barracks Tech Lab  
  180  12:05  Supply Depot  
  180  12:07  Supply Depot  
  179  12:12  Barracks Tech Lab  
  179  12:24  Ghost  
  179  12:25  Ghost  
  179  12:26  Marine  
  179  12:27  Marauder  
  184  12:34  Marauder, Marine x2  
  184  12:35  Marauder  
  159  12:37  Marine  
  159  12:40  Marauder  
  158  12:44  Marine  
  158  12:49  Marauder  
  149  12:52  Marine x2  
  149  12:53  Marauder  
  149  12:54  Marine  
  149  12:55  Marine x2  
  149  12:56  Marine  
  157  13:01  Marauder  
  157  13:02  Marine  
  157  13:05  Medivac x4  
  156  13:09  Marine  
  156  13:10  Marauder  
  156  13:12  Marauder  
  167  13:21  Marine x4  
  167  13:22  SCV  
  172  13:29  Supply Depot  
  169  13:35  Liberator  
  172  13:41  Supply Depot  
  170  13:50  Liberator x2  
  170  13:51  Marine  
  170  13:52  Marauder  
  169  13:56  Marine  
  169  13:57  Marauder  
  169  13:58  Marine, Liberator  
  169  13:59  Marauder  
  169  14:02  Marauder  
  180  14:03  Marine  
  180  14:07  Marine  
  180  14:08  Marauder  
  155  14:17  Ghost  
  151  14:18  Liberator  
  152  14:29  Marauder, Marine  
  153  14:32  Marine x2  
  153  14:33  Marauder  
  153  14:34  Marine x2, Liberator  
  153  14:36  Marine  
  153  14:37  Marauder  
  164  14:38  Liberator  
  152  14:46  Marauder  
  152  14:47  Marine  
  152  14:49  SCV x2, Marine  
  152  14:50  Marine x2  
  152  14:52  SCV  
  160  14:56  SCV  
  160  14:57  Command Center  
  154  15:00  Refinery  
  154  15:01  SCV, Refinery  
  154  15:02  Marauder  
  154  15:08  Marine x4  
  154  15:13  Marauder  
  159  15:25  Marine  
  149  15:29  Marine  
  149  15:30  Marine  
  149  15:31  Marauder  
  149  15:32  Marauder  
  149  15:34  Liberator x2  
  151  15:42  Liberator x2  
  157  15:43  Marauder  
  159  16:05  Ghost x3  
  159  16:07  Ghost  
  167  16:14  Planetary Fortress  
  167  16:16  SCV  
  166  16:26  Marauder, Marine  
  166  16:28  Medivac x2  
  167  16:33  Refinery  
  167  16:34  Ghost  
  167  16:35  Ghost  
  171  16:46  Liberator  
  173  16:48  Marine x4  
  173  16:50  Marine  
  173  16:51  Marauder  
  173  16:53  SCV x4, Missile Turret  
  184  17:01  Missile Turret  
  184  17:05  SCV x4  
  185  17:17  Marauder, Marine  
  187  17:29  Terran Vehicle And Ship Armor Level 1  
  185  17:49  Marine, Liberator x2  
  185  17:50  Marauder x2, Marine  
  185  17:51  Marauder, Marine  
  187  17:52  Marauder  
  190  18:05  Marauder, Marine  
  184  18:14  Marine  
  184  18:15  Marauder, Marine x6  
  184  18:16  Command Center  
  184  18:17  Command Center  
  190  18:23  Marine  
  190  18:26  Marine  
  179  18:32  Marine x2, Liberator  
  178  18:37  Liberator  
  156  18:50  Marauder x6, Marine  
  156  18:52  Liberator  
  156  18:54  Marine  
  167  18:56  Marine x2  
  157  19:07  Marine  
  158  19:10  Liberator  
  158  19:11  Marauder x6  
  158  19:12  Marine  
  158  19:15  Liberator  
  176  19:24  Liberator  
  179  19:32  Ghost x2  
  179  19:33  Marauder x2  
  179  19:34  Marine  
  185  19:45  Ghost  
  175  19:47  Ghost  
  175  19:51  Marine  
  176  19:53  Ghost x2  
  176  19:58  Liberator x2  
  186  20:00  Ghost  
  186  20:03  SCV x3  
  186  20:04  SCV  
  192  20:15  SCV x3  
  178  20:39  Liberator  
  178  20:41  Marine, Liberator x2  
  178  20:42  Marauder  
  190  20:43  Marauder, Marine  
  190  20:45  Marine  
  192  20:51  Marine  
  192  20:55  Marine  
  194  21:01  Marauder, Marine x2  
Show
View Real Time Build Order
Export as new Build Order

Geralt Protoss 

Build Orders: 1 Gate Expand, Phoenix Opening 

Get SALT Encoding   

  12  0:00  Probe  
  13  0:12  Probe  
  14  0:17  Pylon  
  14  0:24  Probe (Chrono Boost)  
  15  0:36  Gateway  
  15  0:37  Probe (Chrono Boost)  
  16  0:43  Probe (Chrono Boost)  
  16  0:47  Assimilator  
  17  0:52  Probe  
  18  1:04  Probe  
  19  1:16  Probe  
  20  1:23  Cybernetics Core  
  20  1:28  Probe  
  21  1:36  Nexus  
  21  1:45  Pylon  
  21  1:46  Probe  
  22  1:54  Assimilator  
  22  1:58  Probe  
  22  2:00  Adept (Chrono Boost)  
  25  2:10  Probe  
  26  2:20  Adept (Chrono Boost)  
  26  2:22  Probe  
  27  2:29  Stargate  
  29  2:34  Probe  
  30  2:44  Warp Gate  
  30  2:46  Probe  
  30  2:48  Probe, Adept  
  34  2:58  Probe  
  34  3:00  Probe  
  36  3:10  Probe  
  36  3:11  Phoenix (Chrono Boost)  
  38  3:12  Probe  
  38  3:19  Gateway  
  40  3:23  Probe  
  40  3:24  Probe, Pylon  
  42  3:27  Phoenix (Chrono Boost)  
  44  3:35  Probe  
  44  3:37  Probe  
  44  3:38  Gateway  
  46  3:47  Probe  
  47  3:50  Phoenix (Chrono Boost), Assimilator  
  47  3:54  Probe  
  50  4:05  Robotics Facility  
  50  4:07  Probe  
  51  4:16  Probe, Phoenix (Chrono Boost)  
  50  4:19  Probe  
  50  4:23  Assimilator  
  51  4:25  Pylon  
  51  4:30  Probe  
  52  4:33  Pylon  
  52  4:35  Phoenix  
  54  4:40  Nexus  
  54  4:43  Pylon  
  54  4:44  Probe  
  54  4:45  Probe  
  56  4:49  Sentry  
  58  4:56  Immortal  
  62  5:07  Probe  
  62  5:13  Probe  
  64  5:17  Robotics Bay  
  64  5:19  Probe, Forge  
  65  5:25  Probe  
  66  5:31  Probe  
  67  5:36  Immortal (Chrono Boost)  
  67  5:37  Probe  
  67  5:40  Pylon  
  67  5:42  Phoenix  
  74  5:43  Probe  
  74  5:48  Pylon  
  74  5:49  Probe  
  76  5:55  Probe x2  
  76  5:56  Photon Cannon  
  74  6:01  Probe  
  75  6:07  Probe  
  75  6:08  Probe, Photon Cannon  
  75  6:10  Pylon  
  77  6:12  Observer (Chrono Boost)  
  77  6:14  Probe  
  79  6:20  Probe x2  
  79  6:24  Protoss Ground Weapons Level 1 (Chrono Boost)  
  80  6:26  Probe  
  80  6:32  Probe x2  
  79  6:38  Probe, Colossus (Chrono Boost)  
  86  6:44  Probe x2  
  88  6:48  Photon Cannon  
  88  6:50  Probe  
  88  6:52  Twilight Council  
  89  6:55  Extended Thermal Lance (Chrono Boost)  
  89  6:56  Probe  
  89  7:00  Stalker x2  
  94  7:03  Probe x2  
  94  7:08  Probe  
  97  7:11  Assimilator  
  98  7:15  Probe x2  
  98  7:17  Forge  
  98  7:19  Charge  
  98  7:20  Probe  
  100  7:26  Assimilator  
  100  7:27  Probe  
  100  7:28  Probe  
  102  7:30  Colossus (Chrono Boost)  
  102  7:32  Probe  
  109  7:39  Probe  
  109  7:40  Probe  
  111  7:44  Probe  
  110  7:52  Probe x2  
  110  7:53  Protoss Ground Armor Level 1 (Chrono Boost)  
  110  7:54  Gateway  
  110  7:56  Probe, Gateway  
  113  7:59  Gateway  
  113  8:01  Gateway  
  113  8:04  Probe x2, Gateway  
  115  8:07  Nexus  
  115  8:08  Probe  
  115  8:09  Pylon  
  116  8:16  Probe  
  117  8:22  Pylon  
  117  8:23  Pylon  
  117  8:24  Pylon  
  117  8:27  Templar Archives, Colossus  
  117  8:29  Protoss Ground Weapons Level 2 (Chrono Boost)  
  123  8:36  Zealot  
  125  8:41  Zealot x2  
  129  8:48  Photon Cannon  
  129  8:51  Photon Cannon  
  129  9:03  High Templar  
  129  9:04  High Templar x3  
  129  9:05  Zealot x4  
  129  9:08  Archon x2  
  140  9:19  Unknown  
  140  9:20  Probe x2, Disruptor  
  140  9:21  Probe  
  140  9:22  Pylon  
  141  9:28  Zealot x2  
  141  9:29  Zealot x2  
  144  9:39  Zealot x4  
  144  9:42  Probe  
  149  9:47  Probe x2  
  149  9:49  Probe  
  149  9:51  Protoss Ground Armor Level 2 (Chrono Boost)  
  146  9:54  Probe  
  146  9:56  Photon Cannon, Psionic Storm  
  146  9:58  Shield Battery  
  146  9:59  Probe  
  154  10:00  Blink  
  154  10:04  Warp Prism  
  154  10:06  High Templar x3  
  156  10:07  Zealot x3  
  156  10:09  Probe  
  156  10:11  Probe  
  156  10:14  Photon Cannon  
  164  10:15  Probe  
  164  10:16  Probe  
  166  10:27  Pylon  
  165  10:45  Nexus  
  163  10:58  Nexus  
  163  10:59  Pylon  
  163  11:00  Pylon  
  163  11:02  Pylon  
  163  11:03  Pylon  
  163  11:04  Nexus  
  161  11:06  Pylon  
  147  11:11  Disruptor (Chrono Boost)  
  147  11:14  Stalker x2  
  148  11:19  High Templar  
  148  11:20  High Templar x5  
  148  11:24  Archon x2  
  148  11:25  Archon  
  160  11:31  Probe  
  160  11:32  Probe x2  
  163  11:43  Probe  
  163  11:44  Probe, Disruptor (Chrono Boost)  
  168  11:55  Zealot x4  
  168  11:56  Zealot x2  
  168  11:59  Probe x2  
  182  12:11  Probe  
  182  12:12  Probe x2, Protoss Ground Armor Level 3 (Chrono Boost)  
  182  12:15  Assimilator  
  185  12:16  Assimilator  
  185  12:19  Zealot x4  
  185  12:20  Zealot x3  
  148  12:39  Disruptor  
  124  12:52  High Templar  
  124  12:53  Stalker x5, High Templar x2  
  124  12:54  Probe  
  121  13:00  Robotics Facility  
  121  13:03  Probe, Photon Cannon  
  121  13:05  Photon Cannon  
  114  13:06  Shield Battery  
  114  13:08  Shield Battery  
  112  13:17  Stalker x5  
  122  13:22  Disruptor (Chrono Boost)  
  122  13:23  Nexus  
  122  13:24  Pylon  
  125  13:28  Stalker x3  
  131  13:36  Probe x2  
  131  13:38  Photon Cannon  
  131  13:39  Shield Battery  
  133  13:43  Assimilator  
  133  13:45  Archon  
  133  13:46  Stalker x4  
  133  13:47  Assimilator  
  141  13:52  Stalker x2  
  142  13:58  Disruptor  
  135  14:05  Disruptor  
  135  14:08  Zealot x2  
  135  14:09  Probe  
  132  14:11  Zealot x3  
  132  14:16  Probe  
  135  14:18  Probe  
  135  14:21  Zealot x2  
  138  14:25  Probe  
  137  14:34  Disruptor  
  127  14:48  Stalker  
  127  14:49  Stalker x4  
  131  14:54  Disruptor  
  131  14:57  Nexus  
  133  15:04  High Templar x2  
  137  15:10  Disruptor  
  137  15:13  Archon  
  107  15:29  Disruptor  
  107  15:34  Zealot x3  
  107  15:35  Zealot x2  
  112  15:45  High Templar x2  
  112  15:46  Disruptor  
  117  15:59  High Templar  
  117  16:00  Stalker x3, High Templar  
  125  16:05  Disruptor  
  128  16:16  Nexus  
  126  16:23  Archon  
  126  16:26  Nexus  
  126  16:29  High Templar  
  126  16:30  High Templar  
  120  16:54  Nexus, High Templar x4  
  128  17:02  Archon  
  128  17:11  Nexus  
  128  17:12  Pylon  
  128  17:17  Disruptor  
  131  17:23  Zealot x3  
  137  17:49  Zealot x7  
  137  17:50  Disruptor  
  154  17:52  Disruptor  
  147  18:14  Stalker x6  
  137  18:41  Stalker x4  
  125  18:49  Archon  
  125  18:53  Probe x3  
  109  19:04  Archon x2  
  109  19:06  Stalker x4  
  111  19:13  Gateway  
  111  19:14  Pylon, Gateway  
  111  19:15  Gateway  
  111  19:18  Probe, Gateway  
  111  19:20  Assimilator x2  
  107  19:44  Disruptor (Chrono Boost)  
  103  19:51  Unknown, Zealot, High Templar x2  
  103  19:52  Zealot, Disruptor (Chrono Boost)  
  107  19:54  Pylon  
  105  20:09  Disruptor (Chrono Boost)  
  105  20:15  Zealot x6  
  105  20:17  Disruptor (Chrono Boost)  
  108  20:36  Disruptor  
  102  20:46  Disruptor  
  105  20:54  Nexus  
  105  21:02  Nexus  
  105  21:03  Pylon  
  101  21:16  Stalker x5  

Tags
 
Add a new tag
Caveats
  • Supply blocks, unpowered buildings, or Contaminate may cause inaccurate times.
  • Supply counts are checked every 10 seconds.